 Dungeon Crawl Stone Soup version 0.19.5 (webtiles) character file.

1262 GordonOverkill the Carver (level 8, 0/57 HPs)
             Began as a High Elf Fighter on Oct 15, 2017.
             Was a Follower of Okawaru.
             Succumbed to a kobold's poison
             ... on level 5 of the Dungeon on Oct 16, 2017.
             The game lasted 00:13:57 (7510 turns).

GordonOverkill the Carver (High Elf Fighter)        Turns: 7510, Time: 00:13:57

Health: 0/57       AC: 17    Str: 17    XL:     8   Next: 27%
Magic:  8/9        EV:  7    Int: 17    God:    Okawaru [*.....]
Gold:   245        SH:  0    Dex: 15    Spells: 1 memorised, 5 levels left

rFire  + . .     SeeInvis .     a - +0 long sword
rCold  . . .     Gourm    .     w - +1 chain mail {rF+}
rNeg   . . .     Faith    .     (no shield)
rPois  .         Spirit   .     (no helmet)
rElec  .         Reflect  .     b - +2 cloak
rCorr  .         Harm     .     r - +0 pair of gloves
MR     .....                    (no boots)
Stlth  ..........               (no amulet)
                                (no ring)
                                (no ring)

@: brilliant, lethally poisoned (0 -> -16), very slightly contaminated,
invisible
A: iridescent scales 1, blurry vision 1, robust 1
a: Heroism, Renounce Religion


You were on level 5 of the Dungeon.
You worshipped Okawaru.
Okawaru was aware of your devotion.
You were not hungry.

You visited 1 branch of the dungeon, and saw 5 of its levels.

You collected 245 gold pieces.

Inventory:

Hand Weapons
 a - a +0 long sword (weapon)
Armour
 b - a +2 cloak (worn)
 c - a +0 shield
 r - a +0 pair of gloves (worn)
 w - a +1 chain mail of fire resistance (worn)
Jewellery
 e - an uncursed ring of fire
 p - an uncursed ring of ice
Scrolls
 g - 3 scrolls of random uselessness {unknown}
 h - 3 scrolls of teleportation {unknown}
 n - a scroll of identify
 q - a scroll of magic mapping {unknown}
 u - a scroll of amnesia
Potions
 d - a potion of mutation
 l - 2 potions of cancellation
 s - 4 potions of flight
Comestibles
 f - 2 bread rations
 j - a slice of pizza
 k - 3 meat rations
 m - 7 fruits


   Skills:
 - Level 3.0 Fighting
 + Level 10.7 Long Blades
 - Level 5.1 Armour
 - Level 2.6 Shields


You had 5 spell levels left.
You knew the following spells:

 Your Spells              Type           Power        Failure   Level  Hunger
a - Blink                 Tloc           N/A          67%         2    ###....


Dungeon Overview and Level Annotations

Branches:
Dungeon (5/15)             Temple (0/1) D:5

Altars:
Makhleb
Okawaru
Sif Muna
Trog
Zin

Annotations:
D:5 Pikel


Innate Abilities, Weirdness & Mutations

You are partially covered in iridescent scales. (AC +2)
Scrolls take you a little longer to read.
You are robust. (+10% HP)


Message History

Iridescent scales grow over part of your body.
* * * LOW HITPOINT WARNING * * *
You feel sick. The kobold closely misses you.
Pikel hits you with a whip of freezing.
* * * LOW HITPOINT WARNING * * *
Pikel freezes you.
* * * LOW HITPOINT WARNING * * *
You barely miss the kobold.
* * * LOW HITPOINT WARNING * * *
You feel sick. The kobold hits you but does no damage.
You are more poisoned.
Pikel hits you but does no damage.
You slash the kobold!
You kill the kobold!
Okawaru accepts your kill.
* * * LOW HITPOINT WARNING * * *
You feel sick. Pikel hits you but does no damage.
You hit the slave.
The slave is severely wounded.
You die...

...............................#
.......................(.......#
............#..................#
............#..................#
.................(..##.........#
..............##.(####.........#
..............##.## ###########
..........#...##.#
..#............#@#
.##.........#..Kp#
####.......##..gp.pg...# #
##..........#gp#..... #
#..#........g.. .... #
##.#...###.....# #.. # #.....#
≈≈≈≈≈≈≈ . # ###...# #.....#≈
#....≈.......≈.


You could see Pikel, 3 slaves and 3 gnolls.

Vanquished Creatures
  Eustachio (D:3)
  Menkaure (D:3)
  Duvessa (D:5)
  A sky beast (D:4)
  A phantom (D:5)
  A big kobold (D:3)
  Dowan (D:5)
  A water moccasin zombie (D:5)
  The ghost of GordonOverkill the Slasher, a weakling HEBe of Trog (D:3)
  2 howler monkeys (D:3)
  A crimson imp (D:5)
  A jelly (D:5)
  2 orc wizards (D:4)
  A worker ant (D:4)
  A worker ant zombie (D:5)
  8 gnolls
  2 howler monkey skeletons
  8 adders
  5 worms
  2 dart slugs (D:2)
  5 leopard geckos
  10 orcs
  A ball python (D:4)
  5 giant cockroaches
  10 goblins
  5 hobgoblins
  2 quokkas
  9 bats
  5 frilled lizards
  15 kobolds
  10 rats
119 creatures vanquished.

Notes
Turn   | Place    | Note
-------+----------+-------------------------------------------
     0 | D:1      | GordonOverkill the High Elf Fighter began the quest for the Orb.
     0 | D:1      | Reached XP level 1. HP: 16/16 MP: 2/2
   133 | D:1      | Reached skill level 3 in Long Blades
   247 | D:1      | Reached XP level 2. HP: 19/21 MP: 3/3
   365 | D:1      | Reached skill level 4 in Long Blades
   691 | D:1      | Reached XP level 3. HP: 25/26 MP: 4/4
  1405 | D:2      | Reached skill level 5 in Long Blades
  1697 | D:2      | Reached XP level 4. HP: 30/31 MP: 5/5
  2604 | D:3      | Found an iron altar of Okawaru.
  2606 | D:3      | Found a glowing silver altar of Zin.
  2606 | D:3      | Found a deep blue altar of Sif Muna.
  2606 | D:3      | Found a bloodstained altar of Trog.
  2619 | D:3      | Became a worshipper of Warmaster Okawaru
  2807 | D:3      | Reached skill level 6 in Long Blades
  2863 | D:3      | Learned a level 2 spell: Blink
  2995 | D:3      | Noticed a big kobold
  3015 | D:3      | Killed a big kobold
  3015 | D:3      | Reached XP level 5. HP: 14/36 MP: 6/6
  3549 | D:3      | Noticed GordonOverkill's ghost (weakling HEBe)
  3571 | D:3      | Killed GordonOverkill's ghost
  3571 | D:3      | Reached XP level 6. HP: 27/42 MP: 7/7
  3821 | D:3      | HP: 2/42 [ogre/giant club (19)]
  4129 | D:4      | Noticed Menkaure
  4577 | D:3      | Killed Menkaure
  4577 | D:3      | Reached skill level 7 in Long Blades
  5112 | D:4      | Noticed Eustachio
  5300 | D:3      | Reached XP level 7. HP: 41/46 MP: 8/8
  5819 | D:3      | Killed Eustachio
  5819 | D:3      | Reached * piety under Okawaru
  5819 | D:3      | Reached skill level 8 in Long Blades
  5819 | D:3      | Reached skill level 5 in Armour
  6228 | D:4      | Found a burning altar of Makhleb.
  6228 | D:4      | Noticed an Executioner
  6231 | D:4      | Noticed a neqoxec
  6231 | D:4      | Noticed an orange demon
  6418 | D:5      | Entered Level 5 of the Dungeon
  6476 | D:4      | Reached skill level 9 in Long Blades
  6731 | D:5      | Found a staircase to the Ecumenical Temple.
  6830 | D:5      | Reached XP level 8. HP: 48/52 MP: 9/9
  6956 | D:5      | Noticed Duvessa
  6957 | D:5      | Noticed Dowan
  6978 | D:5      | Killed Duvessa
  6978 | D:5      | Reached skill level 10 in Long Blades
  6989 | D:5      | Killed Dowan
  7477 | D:5      | Noticed Pikel
  7507 | D:5      | Gained mutation: Scrolls take you a little longer to read. [potion of mutation]
  7507 | D:5      | Gained mutation: You are robust. (+10% HP) [potion of mutation]
  7507 | D:5      | Gained mutation: You are partially covered in iridescent scales. (AC +2) [potion of mutation]
  7509 | D:5      | HP: 2/57 [poisoned by a kobold]
  7510 | D:5      | Succumbed to a kobold's poison

Skill      XL: |  1  2  3  4  5  6  7  8 |
---------------+-------------------------+-----
Long Blades    | 3 4 5 6 7 9 10 | 10.7
Armour         | 3 4 5 |  5.1
Fighting       | |  3.0
Shields        | |  2.6

Action                   |  1- 3 |  4- 6 |  7- 9 || total
-------------------------+-------+-------+-------++-------
Melee: Long sword        |    96 |   299 |   187 ||   582
Invok: Heroism           |       |       |     8 ||     8
  Use: Scroll            |     3 |     5 |     2 ||    10
       Potion            |     1 |     2 |     7 ||    10
  Eat: Chunk             |     1 |    14 |     7 ||    22
Armor: Scale mail        |    50 |    22 |       ||    72
       Chain mail        |       |   176 |   176 ||   352
Dodge: Dodged            |    47 |   118 |    82 ||   247
       Rpst.: Long sword |    18 |    31 |    25 ||    74
